MWL (24 & UNDER)
ERIE JAXX @ MINNESOTA DEATH STARS
06/14/2023
 
TOP OF THE 1ST
Erie Jaxx batting - Pitching for Minnesota Death Stars : LHP Keith Jennings
Pitching: LHP Keith Jennings
Batting: LHB Don Hull 0-0: Swinging Strike
0-1: Ball
1-1: Swinging Strike
1-2: Ground out 5-3 (Groundball, 5S)
Batting: SHB Héctor Barajas 0-0: DOUBLE (Line Drive, 9LS)
Batting: SHB Pedro Martínez 0-0: Called Strike
0-1: Ball
1-1: Ball
2-1: Fly out, F8 (Line Drive, 8LM)
Batting: RHB Luis Alou 0-0: Foul Ball, location: 2F
0-1: Ball
1-1: Ball
2-1: Swinging Strike
2-2: Strikes out swinging
Top of the 1st over - 0 run(s), 1 hit(s), 0 error(s), 1 left on base; Erie 0 - Minnesota 0
BOTTOM OF THE 1ST
Minnesota Death Stars batting - Pitching for Erie Jaxx : LHP Domingo Morales
Pitching: LHP Domingo Morales
Batting: RHB Peter Dixon 0-0: Called Strike
0-1: Ball
1-1: SINGLE (Line Drive, 89S)
Batting: RHB Jorge Martínez 0-0: Called Strike
0-1: Ball
1-1: Foul Ball, location: 2F
1-2: Ball
2-2: SINGLE (Line Drive, 89S)
Peter Dixon to second
Batting: RHB Manny Clemente 0-0: Called Strike
0-1: Foul Ball, location: 2F
0-2: Foul Ball, location: 2F
0-2: Ball
1-2: Ball
2-2: Foul Ball, location: 2F
2-2: Strikes out swinging
Batting: SHB Boys van der Lack 0-0: Foul Ball, location: 2F
0-1: Foul Ball, location: 2F
0-2: Strikes out looking
Batting: LHB Chris Loudermilk 0-0: Swinging Strike
0-1: Swinging Strike
0-2: Strikes out swinging
Bottom of the 1st over - 0 run(s), 2 hit(s), 0 error(s), 2 left on base; Erie 0 - Minnesota 0
TOP OF THE 2ND
Erie Jaxx batting - Pitching for Minnesota Death Stars : LHP Keith Jennings
Batting: RHB Luis Alvarado 0-0: Ball
1-0: Ball
2-0: Called Strike
2-1: Foul Ball, location: 2F
2-2: Ground out 5-3 (Groundball, 5S)
Batting: RHB Bo Vickers 0-0: Called Strike
0-1: Ball
1-1: Fly out, F7 (Flyball, 78M)
Batting: RHB Richard Bankhead 0-0: Foul Ball, location: 2F
0-1: Called Strike
0-2: Fly out, F9 (Flyball, 89S)
Top of the 2nd over - 0 run(s), 0 hit(s), 0 error(s), 0 left on base; Erie 0 - Minnesota 0
BOTTOM OF THE 2ND
Minnesota Death Stars batting - Pitching for Erie Jaxx : LHP Domingo Morales
Batting: RHB John Brown 0-0: Ground out 3-1 (Groundball, 34)
Batting: RHB Herb Ashley 0-0: Ball
1-0: Foul Ball, location: 2F
1-1: Swinging Strike
1-2: Ball
2-2: Strikes out swinging
Batting: RHB Frédéric Poitras 0-0: Swinging Strike
0-1: Ball
1-1: Ball
2-1: Foul Ball, location: 2F
2-2: Ball
3-2: Base on Balls
Batting: LHB Alberto Medine 0-0: Ball
Wild Pitch!
Frédéric Poitras to second
1-0: Ball
2-0: Ball
3-0: Base on Balls
Batting: RHB Peter Dixon 0-0: Called Strike
0-1: Ball
1-1: Foul Ball, location: 2F
1-2: Foul Ball, location: 2F
1-2: Strikes out swinging
Bottom of the 2nd over - 0 run(s), 0 hit(s), 0 error(s), 2 left on base; Erie 0 - Minnesota 0
TOP OF THE 3RD
Erie Jaxx batting - Pitching for Minnesota Death Stars : LHP Keith Jennings
Batting: LHB Mark Everett 0-0: SINGLE (Line Drive, 4M)
Batting: RHB Raúl Ruíz 0-0: SINGLE (Groundball, 6MD)
Mark Everett to second
Batting: LHB Don Hull 0-0: Ball
1-0: SINGLE (Line Drive, 7S)
Mark Everett to third
Raúl Ruíz to second
Batting: SHB Héctor Barajas 0-0: Called Strike
0-1: Ball
1-1: Ball
2-1: Foul Ball, location: 2F
2-2: Ball
3-2: Base on Balls
Mark Everett scores
Raúl Ruíz to third
Don Hull to second
Batting: SHB Pedro Martínez 0-0: Foul Ball, location: 2F
0-1: Ball
1-1: Foul Ball, location: 2F
1-2: Foul Ball, location: 2F
1-2: SINGLE (Groundball, 4MD)
Raúl Ruíz scores
Don Hull to third
Héctor Barajas to second
Runner from 3rd tries for Home, SAFE, no throw or cutoff
Batting: RHB Luis Alou 0-0: Called Strike
0-1: Ball
1-1: Fly out, F4 (Popup, 34D)
Batting: RHB Luis Alvarado 0-0: Ball
1-0: SINGLE (Groundball, 5L) (infield hit)
Héctor Barajas to third
Pedro Martínez to second
Batting: RHB Bo Vickers 0-0: Grounds into double play, 5-4-3 (Groundball, 56)
Top of the 3rd over - 3 run(s), 5 hit(s), 0 error(s), 2 left on base; Erie 3 - Minnesota 0
BOTTOM OF THE 3RD
Minnesota Death Stars batting - Pitching for Erie Jaxx : LHP Domingo Morales
Batting: RHB Jorge Martínez 0-0: Foul Ball, location: 2F
0-1: Swinging Strike
0-2: Foul Ball, location: 2F
0-2: Ball
1-2: Fly out, F8 (Flyball, 8LM)
Batting: RHB Manny Clemente 0-0: Ball
1-0: Ball
2-0: Ball
3-0: Called Strike
3-1: Fly out, F7 (Flyball, 78M)
Batting: SHB Boys van der Lack 0-0: Ball
1-0: Ball
2-0: Ball
3-0: Called Strike
3-1: Base on Balls
Batting: LHB Chris Loudermilk 0-0: Called Strike
Boys van der Lack is caught stealing 2nd base
Bottom of the 3rd over - 0 run(s), 0 hit(s), 0 error(s), 0 left on base; Erie 3 - Minnesota 0
TOP OF THE 4TH
Erie Jaxx batting - Pitching for Minnesota Death Stars : LHP Keith Jennings
Batting: RHB Richard Bankhead 0-0: Ball
1-0: Called Strike
1-1: Foul Ball, location: 2F
1-2: Ball
2-2: Strikes out swinging
Batting: LHB Mark Everett 0-0: Called Strike
0-1: Called Strike
0-2: Ball
1-2: Foul Ball, location: 2F
1-2: Strikes out looking
Batting: RHB Raúl Ruíz 0-0: Swinging Strike
0-1: Ball
1-1: Ball
2-1: Ball
3-1: Swinging Strike
3-2: Base on Balls
Pitching: RHP Brian Smith
Batting: LHB Don Hull 0-0: Foul Ball, location: 2F
0-1: Ball
1-1: Ball
2-1: Ball
3-1: SINGLE (Groundball, 3L)
Raúl Ruíz to second
Runner from 2nd tries for 3rd, SAFE, throw made to third
Batting: SHB Héctor Barajas 0-0: Swinging Strike
0-1: Ball
1-1: Called Strike
1-2: Ball
2-2: Strikes out swinging
Top of the 4th over - 0 run(s), 1 hit(s), 0 error(s), 2 left on base; Erie 3 - Minnesota 0
BOTTOM OF THE 4TH
Minnesota Death Stars batting - Pitching for Erie Jaxx : LHP Domingo Morales
Batting: LHB Chris Loudermilk 0-0: Swinging Strike
0-1: Ground out 5-3 (Groundball, 15S)
Batting: RHB John Brown 0-0: Ball
1-0: Called Strike
1-1: Ball
2-1: Foul Ball, location: 2F
2-2: Ball
3-2: Fly out, F7 (Flyball, 7M)
Batting: RHB Herb Ashley 0-0: Called Strike
0-1: Foul Ball, location: 2F
0-2: Strikes out swinging
Bottom of the 4th over - 0 run(s), 0 hit(s), 0 error(s), 0 left on base; Erie 3 - Minnesota 0
TOP OF THE 5TH
Erie Jaxx batting - Pitching for Minnesota Death Stars : RHP Brian Smith
Batting: SHB Pedro Martínez 0-0: Called Strike
0-1: Called Strike
0-2: Strikes out swinging
Batting: RHB Luis Alou 0-0: Ball
1-0: Foul Ball, location: 2F
1-1: Swinging Strike
1-2: Strikes out swinging
Batting: RHB Luis Alvarado 0-0: Called Strike
0-1: Ground out 4-3 (Groundball, 4)
Top of the 5th over - 0 run(s), 0 hit(s), 0 error(s), 0 left on base; Erie 3 - Minnesota 0
BOTTOM OF THE 5TH
Minnesota Death Stars batting - Pitching for Erie Jaxx : LHP Domingo Morales
Batting: RHB Frédéric Poitras 0-0: Foul Ball, location: 2F
0-1: Foul Ball, location: 2F
0-2: Foul Ball, location: 2F
0-2: Ground out 4-3 (Groundball, 34)
Batting: LHB Alberto Medine 0-0: Called Strike
0-1: Foul Ball, location: 2F
0-2: Foul Ball, location: 2F
0-2: Ball
1-2: Hit by Pitch
Batting: RHB Peter Dixon 0-0: Called Strike
0-1: Fielders Choice at 2nd, 1-6 (Groundball, 25)
Batting: RHB Jorge Martínez 0-0: Ball
1-0: SINGLE (Groundball, 34D) (infield hit)
Peter Dixon to second
Batting: RHB Manny Clemente 0-0: Called Strike
0-1: Ball
Passed Ball!
Peter Dixon to third
Jorge Martínez to second
1-1: Ball
2-1: Ball
3-1: Foul Ball, location: 2F
3-2: SINGLE (Line Drive, 56)
Peter Dixon scores
Jorge Martínez to third
Jorge Martínez scores
Pitching: RHP Barry Garner
Batting: SHB Boys van der Lack 0-0: Foul Ball, location: 2F
0-1: Ball
1-1: Ball
2-1: Fly out, F9 (Flyball, 9M)
Bottom of the 5th over - 2 run(s), 2 hit(s), 0 error(s), 1 left on base; Erie 3 - Minnesota 2
TOP OF THE 6TH
Erie Jaxx batting - Pitching for Minnesota Death Stars : RHP Brian Smith
Batting: RHB Bo Vickers 0-0: Swinging Strike
0-1: Foul Ball, location: 2F
0-2: Fly out, F8 (Flyball, 8LM)
Batting: RHB Richard Bankhead 0-0: Called Strike
0-1: Ball
1-1: Ball
2-1: Fly out, F3 (Line Drive, 3)
Batting: LHB Mark Everett 0-0: DOUBLE (Flyball, 78XD)
Batting: RHB Raúl Ruíz 0-0: Swinging Strike
0-1: Called Strike
0-2: Strikes out swinging
Top of the 6th over - 0 run(s), 1 hit(s), 0 error(s), 1 left on base; Erie 3 - Minnesota 2
BOTTOM OF THE 6TH
Minnesota Death Stars batting - Pitching for Erie Jaxx : RHP Barry Garner
Batting: LHB Chris Loudermilk 0-0: Ball
1-0: Called Strike
1-1: Ball
2-1: Fly out, F8 (Flyball, 8RM)
Batting: RHB John Brown 0-0: Called Strike
0-1: Ball
1-1: Called Strike
1-2: Ball
2-2: Ball
3-2: Foul Ball, location: 2F
3-2: SINGLE (Groundball, 56D)
Batting: RHB Herb Ashley 0-0: Called Strike
0-1: Fielders Choice at 2nd, 1-6 (Groundball, 23)
Batting: RHB Frédéric Poitras 0-0: Ball
1-0: Called Strike
1-1: Ball
2-1: Ball
3-1: Called Strike
3-2: Base on Balls
Herb Ashley to second
Batting: LHB Alberto Medine 0-0: Ball
1-0: Called Strike
1-1: Foul Ball, location: 2F
1-2: Ball
2-2: Strikes out swinging
Bottom of the 6th over - 0 run(s), 1 hit(s), 0 error(s), 2 left on base; Erie 3 - Minnesota 2
TOP OF THE 7TH
Erie Jaxx batting - Pitching for Minnesota Death Stars : RHP Brian Smith
Pitching: RHP Ángel Uribe
Batting: LHB Don Hull 0-0: Ball
1-0: Foul Ball, location: 2F
1-1: Foul Ball, location: 2F
1-2: Ball
2-2: Strikes out looking
Batting: SHB Héctor Barajas 0-0: Swinging Strike
0-1: Called Strike
0-2: Ball
1-2: Ball
2-2: Ball
3-2: Base on Balls
Batting: SHB Pedro Martínez 0-0: Ball
1-0: Ball
2-0: Ball
3-0: Called Strike
3-1: Base on Balls
Héctor Barajas to second
Batting: RHB Luis Alou 0-0: Ball
1-0: Called Strike
1-1: Called Strike
1-2: Ball
2-2: Strikes out looking
Pinch Hitting: LHB Jesús González 0-0: Ball
1-0: Called Strike
1-1: Swinging Strike
1-2: Strikes out looking
Top of the 7th over - 0 run(s), 0 hit(s), 0 error(s), 2 left on base; Erie 3 - Minnesota 2
BOTTOM OF THE 7TH
Minnesota Death Stars batting - Pitching for Erie Jaxx : RHP Barry Garner
Now at SS: Guaspar Vasche
Batting: RHB Peter Dixon 0-0: Ball
1-0: Ball
2-0: Called Strike
2-1: Fly out, F4 (Popup, 4)
Batting: RHB Jorge Martínez 0-0: Ball
1-0: Ball
2-0: Called Strike
2-1: Ball
3-1: Base on Balls
Batting: RHB Manny Clemente 0-0: Called Strike
Jorge Martínez is caught stealing 2nd base
0-1: SINGLE (Line Drive, 6M)
Batting: SHB Boys van der Lack 0-0: Ball
1-0: Foul Ball, location: 2F
1-1: Ball
2-1: Ball
3-1: Called Strike
3-2: Strikes out swinging
Bottom of the 7th over - 0 run(s), 1 hit(s), 0 error(s), 1 left on base; Erie 3 - Minnesota 2
TOP OF THE 8TH
Erie Jaxx batting - Pitching for Minnesota Death Stars : RHP Ángel Uribe
Batting: RHB Bo Vickers 0-0: Ball
1-0: Ball
2-0: Called Strike
2-1: Ball
3-1: Base on Balls
Batting: RHB Richard Bankhead 0-0: Bunted foul
0-1: Bunted foul
0-2: Ball
1-2: Fielders Choice at 2nd, U6 (Groundball, 6MD)
Batting: LHB Mark Everett 0-0: Called Strike
0-1: Called Strike
0-2: Ball
1-2: SINGLE (Flyball, 78S)
Richard Bankhead to second
Pitching: RHP Travis Whitney
Batting: RHB Raúl Ruíz 0-0: Ball
1-0: Ball
2-0: Swinging Strike
2-1: SINGLE (Line Drive, 9S)
Richard Bankhead to third
Mark Everett to second
Batting: LHB Don Hull 0-0: Ball
1-0: Called Strike
1-1: Hit by Pitch
Richard Bankhead scores
Mark Everett to third
Raúl Ruíz to second
Batting: SHB Héctor Barajas 0-0: Ball
1-0: Ball
2-0: Called Strike
2-1: Ball
3-1: Called Strike
3-2: SINGLE (Line Drive, 7S)
Mark Everett scores
Raúl Ruíz to third
Don Hull to second
Batting: SHB Pedro Martínez 0-0: Ball
1-0: Foul Ball, location: 2F
1-1: Ball
2-1: Foul Ball, location: 2F
2-2: Reached on error, E3 (Groundball, 3S)
Raúl Ruíz scores
Don Hull to third
Héctor Barajas to second
Batting: RHB Luis Alou 0-0: Called Strike
0-1: Called Strike
0-2: Grounds into double play, U6-3 (Groundball, 6M)
Top of the 8th over - 3 run(s), 3 hit(s), 1 error(s), 2 left on base; Erie 6 - Minnesota 2
BOTTOM OF THE 8TH
Minnesota Death Stars batting - Pitching for Erie Jaxx : RHP Barry Garner
Pitching: LHP Mike Baker
Batting: LHB Chris Loudermilk 0-0: Ground out 4-3 (Groundball, 4)
Batting: RHB John Brown 0-0: Ground out 5-3 (Groundball, 5S)
Batting: RHB Herb Ashley 0-0: Reached on error, E5 (Groundball, 56)
Batting: RHB Frédéric Poitras 0-0: Swinging Strike
0-1: Foul Ball, location: 2F
0-2: Foul Ball, location: 2F
0-2: Foul Ball, location: 2F
0-2: Strikes out swinging
Bottom of the 8th over - 0 run(s), 0 hit(s), 1 error(s), 1 left on base; Erie 6 - Minnesota 2
TOP OF THE 9TH
Erie Jaxx batting - Pitching for Minnesota Death Stars : RHP Travis Whitney
Batting: RHB Guaspar Vasche 0-0: Ball
1-0: Called Strike
1-1: Foul Ball, location: 2F
1-2: Foul Ball, location: 2F
1-2: Ball
2-2: Strikes out swinging
Batting: RHB Bo Vickers 0-0: Fly out, F7 (Flyball, 7M)
Batting: RHB Richard Bankhead 0-0: Swinging Strike
0-1: Ball
1-1: Ground out U3 (Groundball, 3)
Top of the 9th over - 0 run(s), 0 hit(s), 0 error(s), 0 left on base; Erie 6 - Minnesota 2
BOTTOM OF THE 9TH
Minnesota Death Stars batting - Pitching for Erie Jaxx : LHP Mike Baker
Batting: LHB Alberto Medine 0-0: Called Strike
0-1: Ground out 4-3 (Groundball, 4)
Batting: RHB Peter Dixon 0-0: Ball
1-0: Ball
2-0: Ball
3-0: Base on Balls
Batting: RHB Jorge Martínez 0-0: Ball
1-0: Called Strike
1-1: Swinging Strike
1-2: Fly out, F4 (Line Drive, 4)
Batting: RHB Manny Clemente 0-0: Foul Ball, location: 2F
0-1: Foul Ball, location: 2F
0-2: SINGLE (Line Drive, 9S)
Peter Dixon to second
Pitching: LHP Júlio Castillo
Batting: SHB Boys van der Lack 0-0: Ball
1-0: Ball
2-0: Swinging Strike
2-1: Called Strike
2-2: Foul Ball, location: 2F
2-2: Strikes out swinging
Bottom of the 9th over - 0 run(s), 1 hit(s), 0 error(s), 2 left on base; Erie 6 - Minnesota 2
This league is powered by Out of the Park Baseball, the baseball management simulation game for PC, Mac and Linux
Wednesday, December 2nd, 2015 - OOTP Baseball 16.8 Build 38